 Dungeon Crawl Stone Soup version 0.29.1-1-gd02db6906a (webtiles) character file.

Game seed: 908355122489955802

329 avis the Shooter (level 6, -2/51 HPs)
             Began as a Demigod Hunter on Sept 22, 2022.
             Slain by a kobold
             ... wielding a +0 dagger
              (3 damage)
             ... in a sewer.
             The game lasted 00:12:42 (3340 turns).

avis the Shooter (Demigod Hunter)                   Turns: 3340, Time: 00:12:42

Health: -2/51      AC:  4    Str: 12    XL:     6   Next: 4%
Magic:  8/8        EV: 12    Int: 11    God:
Gold:   78         SH:  0    Dex: 25    Spells: 5/5 levels left

rFire   . . .      SeeInvis .   a - +1 whip "Viprutoes" {venom, rElec}
rCold   . . .      Faith    .   (no shield)
rNeg    . . .      Spirit   .   c - +0 leather armour
rPois   .          Reflect  .   (no helmet)
rElec   +          Harm     .   (no cloak)
rCorr   .          Rampage  .   q - +0 pair of gloves
Will    .....                   (no boots)
Stlth   ++........              (no amulet)
HPRegen 0.17/turn               (no ring)
MPRegen 0.11/turn               (no ring)

@: brilliant, lethally poisoned (-2 -> -4)
A: high MP 1, forlorn, divine attributes
a: no special abilities


You were in a sewer.
You visited 1 branch of the dungeon, and saw 3 of its levels.
You also visited: Sewer.

You collected 78 gold pieces.

Inventory:

Hand Weapons
 a - the +1 whip "Viprutoes" (weapon) {venom, rElec}
   (You found it on level 2 of the Dungeon)

   It poisons the flesh of those it strikes.
   rElec:     It insulates you from electricity.
 b - a +0 shortbow
 u - a +2 short sword of draining
Missiles
 g - 15 poisoned darts
Armour
 c - a +0 leather armour (worn)
 q - a +0 pair of gloves (worn)
Scrolls
 f - a scroll of magic mapping {unknown}
 i - a scroll of brand weapon {unknown}
 k - 2 scrolls of teleportation {unknown}
 n - a scroll of identify {unknown}
 p - a scroll of immolation
 r - a scroll of summoning {unknown}
 s - a scroll of butterflies {unknown}
Potions
 e - a potion of flight {unknown}
 h - a potion of curing {unknown}
 j - a potion of ambrosia {unknown}
 l - a potion of might {unknown}
 m - a potion of haste {unknown}
 o - a potion of magic
 t - a potion of heal wounds {unknown}


   Skills:
 - Level 3.0 Fighting
 * Level 6.4 Ranged Weapons
 - Level 2.0 Dodging
 - Level 0.8 Stealth


You had 5 spell levels left.
You didn't know any spells.
Your spell library contained the following spells:

 Spells                   Type           Power      Damage    Failure   Level
 Animate Dead             Necr           0%         N/A       99%         4
 Summon Forest            Summ/Tloc      0%         N/A       100%        5
 Eringya's Noxious Bog    Tmut/Pois      0%         N/A       100%        6
 Haunt                    Necr/Summ      0%         N/A       100%        7
 Summon Hydra             Summ           0%         N/A       100%        7
 Infestation              Necr           0%         N/A       100%        8


Dungeon Overview and Level Annotations

Branches:
Dungeon (3/15)              Sewer (1/1)

Shops:
D:1 *

Annotations:
D:3 1 runed translucent door, exclusion: door


Innate Abilities, Weirdness & Mutations

You have an increased reservoir of magic. (+10% MP)
You shall have no god before yourself.
Your divine heritage dramatically boosts your attributes as you level up.


Message History

The kobold hits you with a +0 dagger.
* * * LOW HITPOINT WARNING * * *
The kobold brigand closely misses you. The kobold attacks as you move away!
The kobold hits you with a +0 dagger.
* * * LOW HITPOINT WARNING * * *
The kobold brigand attacks as you move away!
The kobold brigand closely misses you.
The kobold brigand attacks as you move away!
The kobold brigand hits you with a +0 club.
* * * LOW HITPOINT WARNING * * *
The kobold attacks as you move away! The kobold hits you but does no damage.
The kobold throws a stone.
The stone closely misses you.
The kobold brigand attacks as you move away!
The kobold brigand closely misses you.
The kobold throws a stone.
The stone closely misses you.
The kobold brigand throws a poisoned dart.
The poisoned dart completely misses you.
There is an open door here.
You see here a +0 short sword.
The kobold brigand throws a poisoned dart.
The poisoned dart hits you!
You are lethally poisoned!
You close the door, pushing everything out of the way.
* * * LOW HITPOINT WARNING * * *
You feel sick.
You feel a bit more experienced.
You have reached level 6!
Your experience leads to a dramatic increase in your attributes!
Increase (S)trength, (I)ntelligence, or (D)exterity?
You feel agile. x4
It was a potion of magic.
Magic courses through your body.
* * * LOW HITPOINT WARNING * * *
You feel sick.
A kobold opens the door.
It was a potion of brilliance.
You feel clever all of a sudden.
* * * LOW HITPOINT WARNING * * *
You feel sick.
You barely miss the kobold.
* * * LOW HITPOINT WARNING * * *
You feel sick. The kobold hits you with a +0 dagger.
You die...

#≈...≈# ..+.≈~≈≈≈≈≈≈≈≈≈≈
#~...≈# ~.#.~≈≈≈≈≈≈≈≈≈≈≈
#≈...~##~..#.~≈≈≈≈≈≈≈≈≈≈≈
#≈...≈# ≈≈)#.~~≈≈≈≈≈≈≈≈≈≈
##')'###≈..#..≈≈≈≈≈≈≈≈≈≈≈
##.....##~~.#...~≈≈≈≈≈≈≈≈~
#...§..###.####.###≈##≈##~
+.§...).#)..#≈≈.).........
+..._.§.K@..≈≈≈≈).........
+.§.....#)..#≈≈...........
#...§..###.####.#~###≈≈#≈#
##.....##≈≈.#....≈≈≈≈~≈≈≈~
##+++###≈~.#...≈≈≈≈≈≈≈≈≈≈
#≈~.#.~≈~≈≈≈≈≈≈≈≈≈
#~~.#..≈≈≈≈≈≈≈≈≈≈≈
#~~)#.~≈≈≈≈≈≈≈≈≈≈≈
#~~.'.≈~≈≈≈≈≈≈≈


You could see a kobold.

Vanquished Creatures
  2 kobold brigands (Sewer)
  3 gnolls
  7 adders
  A shadow imp (Sewer)
  4 ufetubi (Sewer)
  3 worms
  7 bats
  8 endoplasms
  3 giant cockroaches
  3 goblins
  A hobgoblin (D:1)
  16 kobolds
  A quokka (D:1)
  4 ball pythons
  4 frilled lizards
  A kobold zombie (Sewer)
  3 rats
71 creatures vanquished.

Vanquished Creatures (others)
  An endoplasm (Sewer)
  A kobold zombie (Sewer)
2 creatures vanquished.

Grand Total: 73 creatures vanquished

Notes
Turn   | Place    | Note
-------+----------+-------------------------------------------
     0 | D:1      | avis the Demigod Hunter began the quest for the Orb.
     0 | D:1      | Reached XP level 1. HP: 17/17 MP: 3/3
   147 | D:1      | Reached skill level 4 in Ranged Weapons
   148 | D:1      | Reached XP level 2. HP: 24/24 MP: 4/4
   182 | D:1      | Found Ijaebrick's General Store.
   680 | D:1      | Reached XP level 3. HP: 7/29 MP: 5/5
  1603 | D:2      | Reached XP level 4. HP: 32/37 MP: 6/6
  1615 | D:2      | Reached skill level 5 in Ranged Weapons
  2176 | D:2      | Identified the +1 whip "Viprutoes" {venom, rElec}
  2498 | D:3      | Found a runed translucent door.
  2769 | D:3      | Found a glowing drain.
  2802 | Sewer    | Entered a sewer
  3011 | Sewer    | Reached XP level 5. HP: 44/44 MP: 7/7
  3093 | Sewer    | Reached skill level 6 in Ranged Weapons
  3338 | Sewer    | Reached XP level 6. HP: 4/51 MP: 8/8
  3339 | Sewer    | HP: 2/51 [poisoned by a kobold brigand]
  3340 | Sewer    | Slain by a kobold

Illustrated notes

Levels and vault maps discovered:
D:1:      minmay_arrival_glassed_features, layout_basic, serial_shops,
          nicolae_shop_waterfront
D:2:      layout_loops_ring, chequers_arboretum
D:3:      layout_rooms, marbit_many_paths, cheibrodos_worm_habitat,
          gup_sewer_entry_glass, uniq_ijyb, uniq_crazy_yiuf_cottage
Sewer:    kennysheep_sewer_church

Skill      XL: |  1  2  3  4  5 |
---------------+----------------+-----
Fighting       | 2 3 |  3.0
Ranged Weapons | 4 5 6 |  6.4
Dodging        | 2 |  2.0
Stealth        | |  0.8

Action                   |  1- 3 |  4- 6 || total
-------------------------+-------+-------++-------
Melee: Whip              |       |    43 ||    43
       Punch             |       |     2 ||     2
 Fire: Shortbow          |    86 |    75 ||   161
  Use: Potion            |       |     2 ||     2
Armor: Leather armour    |    14 |    12 ||    26
Dodge: Dodged            |    32 |    44 ||    76
